 Dungeon Crawl Stone Soup version 0.24-a0-525-g9231cdcba1 (webtiles) character file.

Game seed: 5375545204900962244

181 Mithandil the Skirmisher (level 5, -3/47 HPs)
             Began as a Hill Orc Fighter on Aug 3, 2019.
             Killed by nerve-wracking pain
             ... invoked by an orc priest
              (8 damage)
             ... on level 4 of the Dungeon.
             The game lasted 00:19:34 (2655 turns).

Mithandil the Skirmisher (Hill Orc Fighter)         Turns: 2655, Time: 00:19:38

Health: -3/47      AC: 14    Str: 20    XL:     5   Next: 61%
Magic:  5/5        EV:  4    Int:  8    God:
Gold:   89         SH: 11    Dex: 10    Spells: 4/4 levels left

rFire    + . .     SeeInvis .   a - +0 war axe
rCold    x . .     Gourm    .   c - +0 shield
rNeg     . . .     Faith    .   u - +0 plate armour
rPois    .         Spirit   .   q - +0 helmet
rElec    .         Reflect  +   (no cloak)
rCorr    .         Harm     .   v - +0 pair of gloves
MR       .....                  (no boots)
Stlth    ..........             k - +2 amulet of reflection
HPRegen  0.15/turn              p - ring of fire
MPRegen  0.09/turn              (no ring)

@: no status effects
A: no striking features
a: Convert to Beogh


You were on level 4 of the Dungeon.
You were hungry.

You visited 1 branch of the dungeon, and saw 4 of its levels.

You collected 89 gold pieces.

Inventory:

Hand Weapons
 a - a +0 war axe (weapon)
 b - a +0 spear
 j - a +0 dagger of draining
 l - a +0 short sword
Missiles
 e - 19 poisoned darts (quivered)
 m - 26 arrows
 n - 19 bolts
Armour
 c - a +0 shield (worn)
 q - a +0 helmet (worn)
 u - a +0 plate armour (worn)
 v - a +0 pair of gloves (worn)
Jewellery
 k - a +2 amulet of reflection (around neck)
 p - a ring of fire (left hand)
Wands
 h - a wand of random effects (14)
Scrolls
 s - a scroll of remove curse
 t - a scroll of amnesia
Potions
 d - a potion of might
 g - 3 potions of haste
 i - a potion of flight
 o - a potion of heal wounds
 r - a potion of degeneration {unknown}
Comestibles
 f - 7 rations


   Skills:
 * Level 4.5 Fighting
 * Level 4.2 Axes
 * Level 1.9 Throwing
 + Level 3.7 Armour
 + Level 1.0 Dodging
 * Level 4.1 Shields


You had 4 spell levels left.
You didn't know any spells.
Your spell library was empty.

Dungeon Overview and Level Annotations

Branches:
Dungeon (4/15)
 Temple: D:4-7

Altars:
Cheibriados


Message History

You miss the adder. The adder bites you but does no damage.
The orc priest invokes the aid of Beogh against you.
Beogh smites you!
* * * LOW HITPOINT WARNING * * *
You closely miss the orc priest.
The orc priest shouts, "Join the one true god or die!"
The orc priest is almost dead.
You hit the adder. You block the adder's attack.
The orc priest threatens, "By the altar or by the axe, you will meet Beogh!"
The orc priest hits you with a +0 trident.
* * * LOW HITPOINT WARNING * * *
The adder bites you but does no damage.
The orc priest shouts, "Surrender to Beogh and we'll let you live!"
You barely miss the orc priest.
The orc priest is almost dead.
You completely miss the adder. You block the adder's attack.
The orc priest barely misses you. You block the adder's attack.
The orc priest invokes the aid of Beogh against you.
Pain shoots through your body!
You die...

.#####......#.....
###........#
###...#### ##..##
#..## ###..#
###....##
#.......##
#....###.@S#
....## ###oo# #..
#...# #. #..... #
..... ..#. ##


You could see an orc priest, an adder and an orc.

Vanquished Creatures
  An orc priest (D:4)
  Jessica (D:3)
  A killer bee zombie (D:3)
  4 adders
  2 worms
  3 dart slugs (D:2)
  A leopard gecko (D:1)
  An orc (D:3)
  4 ball pythons
  4 bats
  3 giant cockroaches (D:1)
  3 goblins
  9 hobgoblins
  6 jackals
  3 frilled lizards (D:1)
  4 kobolds
  8 rats
58 creatures vanquished.

Notes
Turn   | Place    | Note
-------+----------+-------------------------------------------
     0 | D:1      | Mithandil the Hill Orc Fighter began the quest for the Orb.
     0 | D:1      | Reached XP level 1. HP: 19/19 MP: 1/1
    51 | D:1      | Reached XP level 2. HP: 20/27 MP: 2/2
   330 | D:1      | You fall into a shaft and drop 1 floor!
   655 | D:1      | Reached XP level 3. HP: 33/33 MP: 3/3
  1008 | D:2      | Reached skill level 1 in Throwing
  1438 | D:2      | Reached XP level 4. HP: 40/40 MP: 4/4
  1982 | D:2      | Found a snail-covered altar of Cheibriados.
  2362 | D:3      | Noticed Jessica
  2384 | D:3      | Killed Jessica
  2384 | D:3      | Reached XP level 5. HP: 23/47 MP: 5/5
  2651 | D:4      | Reached skill level 1 in Dodging
  2655 | D:4      | Killed from afar by an orc priest

Levels and vault maps discovered:
D:1:      minmay_arrival_hallway, layout_rooms, chequers_serial_rivers_room_b
D:2:      layout_basic, kennysheep_slug_shrine
D:3:      layout_basic, nrook_loot_triangle, minmay_misc_feat_x,
          minmay_misc_feat_plants, minivault_26, uniq_jessica
D:4:      layout_layer_cave, serial_shops, shop, nicolae_ossuary_entry_giza,
          fedhas_altar_3, uniq_duvessa, uniq_eustachio, uniq_blork_the_orc,
          uniq_pikel

Skill      XL: |  1  2  3  4  5 |
---------------+----------------+-----
Axes           | 3 4 |  4.2
Fighting       | 4 |  4.5
Throwing       | 1 |  1.9
Shields        | 4 |  4.1
Dodging        | 1 |  1.0
Armour         | |  3.7

Action                   |  1- 3 |  4- 6 || total
-------------------------+-------+-------++-------
Melee: War axe           |   119 |    86 ||   205
  Use: Scroll            |     4 |     1 ||     5
       Potion            |     4 |       ||     4
  Eat: Chunk             |     2 |     3 ||     5
Armor: Scale mail        |    38 |    23 ||    61
       Plate armour      |       |    17 ||    17
Dodge: Dodged            |    31 |    26 ||    57
Block: Shield            |    61 |    69 ||   130
       Reflection        |     3 |       ||     3

Table legend:
 A = Non-vault XP
 B = Vault XP
 C = Vault XP percentage of total XP
 D = Non-vault monster count
 E = Vault monster count
 F = Vault count percentage of total count
                 A         B        C        D         E       F
            +---------+---------+-------+---------+---------+-------
      Total |     218 |      41 |  15.8 |      56 |       2 |   3.4
            +---------+---------+-------+---------+---------+-------
        D:1 |      35 |       0 |   0.0 |      22 |       0 |   0.0
        D:2 |      69 |       4 |   5.5 |      22 |       1 |   4.3
        D:3 |      60 |      37 |  38.1 |      10 |       1 |   9.1
        D:4 |      54 |       0 |   0.0 |       2 |       0 |   0.0
            +---------+---------+-------+---------+---------+-------
